AoeStats
← 这波我很强

Arena

507226803Analyzed
3v3 RM · 14d ago on Sep 17, 2026· 37m 38s· 6 players
Game mode
Random Map
Map size
Normal (6 player)
Population
200
Speed
Normal
Resources
Standard
Victory
Conquest
Starting age
Dark Age
Ending age
Imperial Age
RankedLock teamsTeams togetherTeam positionsShared explorationLock speedFull tech treeHidden civsTurbo modeCheats
Victory
Defeat
🇨🇳 Huns · China
1217
+14
🇨🇳 Byzantines · China
1180
+15
🇰🇷 Poles · South Korea
1048
+21
🇲🇽 Malians · Mexico
1189
-18
🇫🇷 Georgians · France
1177
-17
🇵🇱 Byzantines · Poland
1126
-15
PacoelJusto
9:25 Feudal Age
15:36 Castle Age
13:44 Double-Bit Axe
14:04 Horse Collar
15:35 Gold Mining
17:52 Bow Saw
19:56 Fervor
22:48 Stone Mining
24:46 Wheelbarrow
24:01 Loom
27:05 Sanctity
29:47 Imperial Age
28:06 Forging
28:02 Scale Barding Armor
28:36 Gold Shaft Mining
28:09 Heavy Plow
28:59 Ballistics
29:04 Hand Cart
29:33 Bloodlines
31:28 Chemistry
31:07 Iron Casting
32:08 Scale Mail Armor
32:43 Husbandry
32:46 Farimba
33:12 Chain Barding Armor
33:05 Heavy Camel Rider
34:05 Chain Mail Armor
35:45 Plate Mail Armor
34:54 Light Cavalry
tiwaz55
12:00 Feudal Age
14:08 Loom
16:49 Castle Age
14:44 Double-Bit Axe
15:13 Horse Collar
17:51 Forging
17:47 Scale Barding Armor
22:50 Bow Saw
24:50 Fervor
32:10 Wheelbarrow
37:14 Imperial Age
35:01 Gold Mining
35:13 Stone Mining
clem3613
11:20 Feudal Age
15:03 Castle Age
13:18 Double-Bit Axe
13:27 Horse Collar
15:11 Gold Mining
16:32 Bow Saw
25:35 Heavy Plow
26:19 Wheelbarrow
26:52 Stone Mining
29:53 Imperial Age
27:52 Hand Cart
28:28 Scale Mail Armor
28:39 Forging
28:35 Scale Barding Armor
28:22 Loom
29:09 Pikeman
29:49 Squires
29:35 Arson
30:01 Svan Towers
30:16 Chain Mail Armor
30:37 Iron Casting
30:08 Halberdier
32:26 Aznauri Cavalry
32:42 Conscription
31:47 Elite Monaspa
33:03 Chain Barding Armor
这波我很强
11:58 Feudal Age
15:58 Castle Age
14:18 Double-Bit Axe
16:08 Horse Collar
22:02 Crossbowman
27:38 Bow Saw
27:30 Heavy Plow
28:17 Wheelbarrow
30:44 Imperial Age
28:17 Gold Mining
28:30 Loom
28:40 Fletching
29:44 Gold Shaft Mining
28:46 Pikeman
31:19 Bodkin Arrow
31:05 Halberdier
31:09 Arbalester
33:10 Chemistry
32:19 Bracer
32:44 Padded Archer Armor
33:00 Heavy Camel Rider
33:56 Scale Barding Armor
34:03 Forging
35:02 Leather Archer Armor
34:49 Scale Mail Armor
34:44 Light Cavalry
35:25 Husbandry
35:57 Chain Mail Armor
36:12 Chain Barding Armor
36:32 Iron Casting
35:58 Hussar
37:47 Two-Man Saw
W_x
10:48 Feudal Age
14:21 Castle Age
12:33 Horse Collar
13:42 Double-Bit Axe
15:34 Bow Saw
15:28 Heavy Plow
16:45 Loom
21:42 Wheelbarrow
21:35 Stone Mining
21:35 Gold Mining
23:24 Gold Mining
25:19 Hand Cart
25:37 Town Watch
27:28 Gold Shaft Mining
27:05 Scale Barding Armor
27:11 Forging
30:04 Imperial Age
28:19 Chain Barding Armor
28:35 Iron Casting
28:53 Marauders
28:55 Husbandry
29:06 Bloodlines
30:07 Fletching
30:31 Elite Tarkan
31:32 Conscription
32:26 Blast Furnace
32:02 Plate Barding Armor
Aaron28358
11:47 Feudal Age
11:02 Loom
15:30 Castle Age
13:25 Double-Bit Axe
13:48 Horse Collar
17:06 Bow Saw
18:35 Heavy Plow
21:46 Wheelbarrow
23:57 Hand Cart
23:28 Town Watch
26:20 Fletching
27:04 Bodkin Arrow
26:46 Light Cavalry
28:41 Forging
31:02 Iron Casting
30:29 Scale Mail Armor
30:42 Szlachta Privileges
30:41 Gold Mining
32:09 Scale Barding Armor
35:38 Imperial Age
34:05 Chain Mail Armor
34:07 Squires
33:28 Pikeman
33:54 Arson
35:13 Chain Barding Armor
35:38 Bloodlines
35:29 Husbandry
37:10 Crop Rotation
38:32 Blast Furnace
38:08 Fortified Wall
38:20 Ballistics
39:02 Chemistry
37:58 Murder Holes
Connection lost

Rejoining the realm…

Still unreachable

The connection could not be restored.

Session expired

The server has moved on; the page needs a fresh start.